 Dungeon Crawl Stone Soup version 0.22-a0-499-g80674aa (webtiles) character file.

92999 Yazari the Earth Mage (level 16, -3/92 HPs)
             Began as a Gargoyle Earth Elementalist on July 20, 2018.
             Was the Champion of Hepliaklqana.
             Killed from afar by Azrael (48 damage)
             ... with damnation
             ... on level 2 of the Orcish Mines.
             The game lasted 01:34:37 (30968 turns).

Yazari the Earth Mage (GrEE)                       Turns: 30968, Time: 01:34:37

Health: -3/92      AC: 35    Str: 19    XL:     16   Next: 7%
Magic:  13/31      EV: 18    Int: 27    God:    Hepliaklqana [******]
Gold:   2273       SH:  0    Dex: 18    Spells: 16/37 levels left

rFire    . . .     SeeInvis +   j - staff of earth
rCold    . . .     Gourm    .   (no shield)
rNeg     + . .     Faith    .   N - +5 ring mail of Listlessness {Dex+8}
rPois    ∞         Spirit   .   K - +2 helmet {SInv}
rElec    +         Reflect  .   s - +0 cloak
rCorr    .         Harm     .   p - +2 pair of gloves
MR       +....                  T - +0 pair of boots {Fly}
Stlth    ++........             (no amulet)
HPRegen  0.25/turn              e - ring "Biamm" {+Blink Str+5}
MPRegen  0.22/turn              o - +6 ring of intelligence

@: flying
A: reduced essence, big wings, negative energy resistance 1, electricity
resistance, unbreathing, petrification resistance, rot immunity, AC +12
a: Stop Flying, Recall Ancestor, Ancestor Identity, Transference, Idealise,
Renounce Religion, Evoke Blink


You were on level 2 of the Orcish Mines.
You worshipped Hepliaklqana.
Hepliaklqana was exalted by your worship.
You were very hungry.

You visited 5 branches of the dungeon, and saw 25 of its levels.
You visited 2 bazaars.
You also visited: Trove.

You collected 3883 gold pieces.
You spent 1610 gold pieces at shops.

Inventory:

Hand Weapons
 F - the +10 long sword of Ecut {flame, *Corrode rPois rF+ rC+}
   (You found it on level 1 of the Elven Halls)

   It has been specially enchanted to burn those struck by it, causing extra
   injury to most foes and up to half again as much damage against particularly
   susceptible opponents.
   Big, fiery blades are also staple armaments of hydra-hunters.
   It protects you from fire.
   It protects you from cold.
   It protects you from poison.
   It may corrode you when you take damage.
 Q - the +9 rapier "Wotiad" {protect, -Tele *Corrode rN+++ MR+++}
   (You found it on level 1 of the Lair of Beasts)

   It protects the one who uses it against injury (+AC on strike).
   It renders you almost immune to negative energy.
   It affects your resistance to hostile enchantments.
   It prevents most forms of teleportation.
   It may corrode you when you take damage.
Missiles
 b - 125 stones (quivered)
Armour
 p - a +2 pair of gloves (worn)
 s - a +0 cloak (worn)
 K - a +2 helmet of see invisible (worn)
 N - the +5 ring mail of Listlessness (worn) {Dex+8}
   (You bought it in a shop in a bazaar)

   It affects your dexterity (+8).
 T - a +0 pair of boots of flying (worn)
Magical Staves
 j - an uncursed staff of earth (weapon)
Jewellery
 a - an uncursed ring of wizardry {unknown}
 e - the ring "Biamm" (left hand) {+Blink Str+5}
   (You found it in a treasure trove)

   [ring of strength]

   It affects your strength (+5).
   It lets you blink.
 h - a +2 ring of protection
 o - a +6 ring of intelligence (right hand)
 w - an uncursed ring of fire
 B - an uncursed ring of poison resistance {unknown}
 G - an uncursed ring of poison resistance {unknown}
 P - the ring of Zakhloima {rPois rC+ Stlth+}
   (You found it in a treasure trove)

   [ring of stealth]

   It protects you from cold.
   It protects you from poison.
   It makes you more stealthy.
Wands
 n - a wand of random effects (21)
 q - a wand of paralysis (22)
 y - a wand of acid (12)
 J - a wand of disintegration (13)
Scrolls
 c - 7 scrolls of teleportation
 f - a scroll of blinking
 g - 2 scrolls of magic mapping
 i - 6 scrolls of remove curse
 m - 4 scrolls of amnesia
 r - 3 scrolls of recharging
 u - a scroll of fog
 A - 2 scrolls of immolation
 I - 5 scrolls of fear
 S - a scroll of brand weapon
 U - a scroll of holy word
 V - a scroll of acquirement
 Z - 2 scrolls of identify
Potions
 k - 3 potions of mutation {unknown}
 l - 9 potions of curing
 t - 4 potions of might
 v - 4 potions of heal wounds
 z - 5 potions of restore abilities
 C - a potion of agility
 E - a potion of magic
 H - a potion of berserk rage
 L - 3 potions of brilliance
Comestibles
 d - 38 rations


   Skills:
 + Level 12.5 Fighting
 + Level 12.5 Armour
 + Level 10.1 Dodging
 - Level 2.1 Stealth
 + Level 11.4 Spellcasting
 - Level 4.0 Conjurations
 - Level 0.7 Transmutations
 * Level 17.4 Earth Magic
 - Level 3.7 Invocations


You had 16 spell levels left.
You knew the following spells:

 Your Spells              Type           Power        Failure   Level  Hunger
a - Stone Arrow           Conj/Erth      ######       1%          3    None
b - Sandblast             Erth           ######       0%          1    None
c - Passwall              Tmut/Erth      #######...   1%          2    None
d - Lee's Rapid Deconstr  Erth           ########..   1%          5    ###....
e - Iron Shot             Conj/Erth      #######...   11%         6    #####..
f - Petrify               Tmut/Erth      #######.     1%          4    None


Dungeon Overview and Level Annotations

Branches:
Dungeon (15/15)            Temple (1/1) D:5            Lair (6/6) D:11
  Swamp (0/4) Lair:3       Spider (0/4) Lair:4          Orc (2/2) D:9
    Elf (1/3) Orc:2
  Slime: Lair:5-6    Vaults: D:13-14     Depths: D:15

Altars:
Ashenzari
Cheibriados
Dithmenos
Elyvilon
Fedhas
Gozag
Hepliaklqana
Jiyva
Kikubaaqudgha
Makhleb
Nemelex Xobeh
Okawaru
Qazlal
Ru
Sif Muna
Trog
Uskayaw
Vehumet
Wu Jian
Xom
Yredelemnul
Zin
The Shining One
Beogh

Shops:
D:7 [:*==   D:8 *   D:9 :   Orc:1 ?   Orc:2 %::[

Annotations:
D:12 Rhandor's ghost, journeyman MiFi
D:14 1 exclusion
Lair:1 exclusion: 2 oklob plants
Lair:6 Rhandor's ghost, journeyman MiFi
Orc:2 Azrael


Innate Abilities, Weirdness & Mutations

You are resistant to torment.
Your stone body is resilient. (AC +12)
You are immune to poison.
Your large and strong wings let you fly indefinitely.
You resist negative energy. (rN+)
You are resistant to electric shocks. (rElec)
You can survive without breathing.
You are immune to petrification.
You are immune to rotting.
Your life essence is reduced to manifest your ancestor. (-10% HP)


Message History

The fire elemental closely misses something.
Casting: Stone Arrow (safe; 1% risk of failure)
Confirm with . or Enter, or press ? or * to list all spells.
Aiming: Lee's Rapid Deconstruction (safe; 1% risk of failure)
Press: ? - help, Dir - move target cursor, p - fire elemental You feel a surge of power!
The wall shatters!
Zarja has departed this plane of existence.
The blast of rock fragments hits the fire elemental.
You destroy the fire elemental!
The blast of rock fragments hits the fire elemental.
You destroy the fire elemental!
The blast of rock fragments hits the fire elemental.
You destroy the fire elemental!
The blast of rock fragments hits Azrael.
Azrael is lightly wounded.
You are feeling very hungry.
Azrael gestures at you.
The sphere of damnation explodes!
The damnation engulfs you!
Ouch! That really hurt!
You die...

...##.### ### ##.##............
........###.## #...............§
....<........## #.....#..#....§§§
..............# *#..........§§#§.
.............#####*#<#.......§§§§
.....##....#####.####.#§..h§†E§..
.....##....#.#....##..R§.E§§R§...
.....[)....).[...####§##§..§§....
..(..........)()@.###E#§§§...#...
.[....#......[##(#......§##.##*,*
.<...........####.R§R<...#*## ***
[(............# ##.#..#.##
[[(..........## ##...###
.............# ##(##
.............## #(#
(......#.#....# ##.#
.....(..####..## ##(##


You could see Azrael.

Vanquished Creatures
  Louise (D:15)
  Nessos (Lair:4)
  A deep elf demonologist (Elf:1)
  Josephine (Orc:1)
  Harold (Lair:2)
  3 hydras
  A catoblepas (Lair:6)
  A centaur warrior (D:14)
  A two-headed ogre (D:9)
  3 dancing weapons
  A death yak (Lair:6)
  2 tengu warriors (D:14)
  Urug (D:10)
  8 deep elf knights
  A sea snake (Lair:6)
  3 deep elf archers (Elf:1)
  A necromancer (Lair:3)
  A harpy (shapeshifter) (D:15)
  Pikel (D:8)
  12 deep elf magi
  3 orc knights
  4 ugly things
  An oklob plant (Lair:1)
  An elephant (Lair:6)
  2 orc sorcerers
  A cyclops (D:13)
  4 slime creatures (D:13)
  3 manticores
  A black mamba (Lair:5)
  Psyche (D:10)
  5 spiny frogs
  A gargoyle (D:13)
  7 komodo dragons
  6 rime drakes
  2 efreet
  A tengu conjurer (D:14)
  A polar bear (Lair:6)
  2 tyrant leeches (Lair:3)
  Grinder (D:3)
  6 trolls
  6 meliai
  A queen bee (D:13)
  6 hippogriffs
  A wind drake (Lair:6)
  3 hornets
  4 dream sheep
  10 blink frogs
  A redback (Lair:4)
  5 wraiths
  6 fire elementals
  2 wyverns
  22 yaks
  A golden eye (shapeshifter) (D:14)
  3 basilisks
  3 hungry ghosts
  A swamp worm (Lair:3)
  An acid dragon (D:14)
  2 wargs (Orc:1)
  20 water moccasins
  A hell hound (Orc:2)
  4 porcupines
  5 ice beasts
  5 black bears
  A slave (D:8)
  29 orc warriors
  3 phantoms
  An eye of draining (D:11)
  A battlemage (Orc:2)
  17 centaurs
  11 ogres
  3 wolves (Lair:1)
  13 crocodiles
  Blork the orc (D:4)
  The ghost of Yazari the Magician, an amateur DEWz (D:3)
  19 bullfrogs
  3 big kobolds
  A scorpion (D:11)
  20 killer bees (D:13)
  6 howler monkeys
  6 crimson imps
  A lava snake (Lair:4)
  3 centaur zombies
  2 quasits (D:11)
  A bullfrog zombie (D:13)
  2 centaur skeletons
  A gnoll shaman (D:5)
  6 hounds
  4 jellies
  18 orc priests
  22 orc wizards
  2 bullfrog skeletons
  3 iguanas
  11 worker ants
  3 yak simulacra (Lair:3)
  3 polar bear simulacra (Lair:3)
  A sheep (Lair:2)
  2 wolf simulacra (Lair:3)
  A hound skeleton (D:4)
  A howler monkey zombie (D:3)
  Robin (D:4)
  3 gnolls (D:5)
  23 adders
  3 oozes
  An adder zombie (D:5)
  3 adder skeletons
  3 worms
  3 dart slugs
  5 leopard geckos
  64 orcs
  4 giant cockroaches
  11 goblins
  9 hobgoblins
  19 jackals
  22 kobolds
  5 quokkas
  2 ball pythons (D:3)
  5 bats
  3 frilled lizards
  A giant cockroach zombie (D:5)
  A leopard gecko zombie (D:5)
  A quokka skeleton (D:5)
  3 rats
  A river rat simulacrum (Lair:3)
  3 fungi
  A plant (Lair:1)
634 creatures vanquished.

Vanquished Creatures (collateral kills)
  Rupert (Lair:4)
  4 hydras
  Fannar (D:11)
  A deep elf knight (Elf:1)
  A deep elf archer (Elf:1)
  5 deep elf magi
  2 ugly things
  An elephant (Lair:6)
  3 black mambas
  5 spiny frogs
  A torpor snail (Lair:6)
  2 rime drakes (Lair:6)
  2 komodo dragons
  A polar bear (Lair:6)
  2 trolls
  2 hippogriffs
  6 dream sheep
  2 blink frogs
  A boulder beetle (Lair:5)
  A vampire (D:13)
  A wyvern (Lair:3)
  3 wraiths (Orc:1)
  13 yaks
  A steam dragon (D:13)
  2 vampire mosquitoes (D:14)
  2 wargs
  7 water moccasins
  A hell hound (Orc:2)
  2 porcupines (Lair:5)
  5 orc warriors (Orc:2)
  2 sky beasts
  An ice beast (D:10)
  3 wolves (Lair:1)
  4 ogres
  3 centaurs
  4 crocodiles
  9 bullfrogs
  4 killer bees (D:13)
  2 howler monkeys (D:11)
  3 crimson imps
  A quasit (D:9)
  A lava snake (Lair:4)
  4 hounds
  A battlemage (D:10)
  A worker ant (D:13)
  4 orc wizards
  A yak simulacrum (Lair:3)
  5 sheep (Lair:2)
  A wolf simulacrum (Lair:3)
  A hound zombie (D:9)
  A shadow imp (D:14)
  18 orcs
  2 jackals (D:10)
  2 kobolds
  A fungus (Lair:5)
160 creatures vanquished.

Vanquished Creatures (others)
  A blink frog (Lair:4)
  2 dream sheep (Lair:6)
  An air elemental (Elf:1)
  A centaur skeleton (D:8)
  30 battlemagi
  4 ancestors
  An adder (D:8)
  17 fungi
  23 plants
80 creatures vanquished.

Grand Total: 874 creatures vanquished

Notes
Turn   | Place    | Note
-------+----------+-------------------------------------------
     0 | D:1      | Yazari the Gargoyle Earth Elementalist began the quest for the Orb.
     0 | D:1      | Reached XP level 1. HP: 10/10 MP: 3/3
    55 | D:1      | Reached skill level 4 in Earth Magic
   261 | D:1      | Reached XP level 2. HP: 15/15 MP: 5/5
   520 | D:1      | Reached XP level 3. HP: 19/19 MP: 6/6
   640 | D:2      | Learned a level 3 spell: Stone Arrow
   643 | D:2      | Learned a level 2 spell: Passwall
   685 | D:2      | Reached skill level 5 in Earth Magic
  1175 | D:2      | Found a faded altar of an unknown god.
  1184 | D:2      | Reached XP level 4. HP: 24/24 MP: 7/7
  1385 | D:2      | Found an iron altar of Okawaru.
  1564 | D:2      | Found a glowing silver altar of Zin.
  1880 | D:3      | Reached skill level 6 in Earth Magic
  2215 | D:3      | Reached skill level 7 in Earth Magic
  2215 | D:3      | Reached XP level 5. HP: 15/28 MP: 6/8
  2376 | D:3      | Noticed Grinder
  2379 | D:3      | Paralysed by Grinder for 4 turns
  2415 | D:3      | Killed Grinder
  2415 | D:3      | Reached skill level 8 in Earth Magic
  2415 | D:3      | Reached XP level 6. HP: 32/32 MP: 7/9
  2524 | D:3      | Found a roughly hewn altar of Beogh.
  2539 | D:4      | Reached skill level 9 in Earth Magic
  2679 | D:4      | Reached XP level 7. HP: 36/36 MP: 3/10
  3064 | D:4      | Noticed Blork the orc
  3088 | D:4      | Killed Blork the orc
  3088 | D:4      | Reached skill level 10 in Earth Magic
  3280 | D:4      | Noticed Robin
  3315 | D:4      | Killed Robin
  4154 | D:5      | Entered Level 5 of the Dungeon
  4364 | D:5      | Learned a level 5 spell: Lee's Rapid Deconstruction
  4475 | D:5      | Reached XP level 8. HP: 41/41 MP: 6/12
  4747 | D:5      | Reached skill level 11 in Earth Magic
  5316 | D:5      | Found a staircase to the Ecumenical Temple.
  5406 | D:5      | Reached skill level 1 in Armour
  5438 | D:5      | Reached skill level 1 in Fighting
  5493 | Temple   | Entered the Ecumenical Temple
  5844 | D:3      | Noticed Yazari's ghost (amateur DEWz)
  5845 | D:3      | Killed Yazari's ghost
  6242 | D:6      | Reached XP level 9. HP: 48/48 MP: 1/15
  6926 | D:6      | Found a hide-covered altar of Uskayaw.
  6934 | D:6      | Found a snail-covered altar of Cheibriados.
  6939 | D:6      | Found a burning altar of Makhleb.
  7162 | D:7      | Learned a level 6 spell: Iron Shot
  7184 | D:7      | Found a hazy altar of Hepliaklqana.
  7185 | D:7      | Found Naw Yfud's Jewellery Shoppe.
  7193 | D:7      | Noticed a hornet
  7196 | D:7      | Found Cuavufra's Jewellery Boutique.
  7197 | D:7      | Became a worshipper of Hepliaklqana the Forgotten
  7202 | D:7      | Killed a hornet
  7202 | D:7      | Reached skill level 5 in Spellcasting
  7251 | D:7      | Got a warped leather armour
  7262 | D:7      | Identified the +1 leather armour of Tender Moments {MR+} (You found it on level 7 of the Dungeon)
  7272 | D:7      | Found Pikimue's Assorted Antiques.
  7285 | D:7      | Bought a scroll labeled QONLUSTR TIDYRE for 33 gold pieces
  7285 | D:7      | Bought a scroll labeled QUCVEC WEIG for 33 gold pieces
  7285 | D:7      | Bought a scroll labeled ZYNUSE YMANWYN for 33 gold pieces
  7285 | D:7      | Bought a scroll labeled KUINAFOGROEL for 33 gold pieces
  7307 | D:7      | Found Cividghia's Armour Emporium.
  7452 | D:7      | Found Kaeveylu's Book Emporium.
  7477 | D:7      | Reached skill level 1 in Conjurations
  7679 | D:7      | Found a shadowy altar of Dithmenos.
  7707 | D:8      | Noticed Pikel
  7713 | D:8      | Killed Pikel
  7974 | D:8      | Found a hazy altar of Hepliaklqana.
  8032 | D:8      | Reached * piety under Hepliaklqana
  8242 | D:8      | Reached skill level 12 in Earth Magic
  8242 | D:8      | Reached XP level 10. HP: 47/51 MP: 12/18
  8269 | D:8      | Found a shattered altar of Ashenzari.
  8672 | D:8      | Found Gozag's Platinum Reserve.
  8674 | D:8      | Found an opulent altar of Gozag.
  9017 | D:9      | Found an ancient bone altar of Kikubaaqudgha.
  9531 | D:9      | Found a staircase to the Orcish Mines.
  9557 | D:9      | Reached skill level 5 in Fighting
  9557 | D:9      | Reached skill level 5 in Armour
  9792 | D:9      | Noticed a two-headed ogre
  9812 | D:9      | Killed a two-headed ogre
  9894 | D:9      | Learned a level 4 spell: Petrify
 10332 | D:9      | Found Sast's Book Emporium.
 10682 | Orc:1    | Entered Level 1 of the Orcish Mines
 10805 | Orc:1    | Noticed an orc sorcerer
 10953 | Orc:1    | Killed an orc sorcerer
 10953 | Orc:1    | Reached XP level 11. HP: 57/57 MP: 15/20
 10957 | Orc:1    | Noticed an orc knight
 11048 | D:10     | Entered Level 10 of the Dungeon
 11054 | D:9      | Reached skill level 5 in Dodging
 11862 | D:10     | Reached ** piety under Hepliaklqana
 11866 | D:10     | Remembered your ancestor Zarja as a battlemage
 12109 | D:10     | Noticed Urug
 12154 | D:10     | Killed Urug
 12154 | D:10     | Reached skill level 13 in Earth Magic
 12673 | D:10     | Noticed Psyche
 12675 | D:10     | Killed Psyche
 12931 | D:11     | Noticed a cyan ugly thing
 12939 | D:11     | Killed a cyan ugly thing
 13147 | D:11     | Noticed a seven-headed hydra
 13154 | D:11     | Killed a seven-headed hydra
 13425 | D:11     | Found a staircase to the Lair.
 13628 | Lair:1   | Entered Level 1 of the Lair of Beasts
 13714 | Lair:1   | Reached XP level 12. HP: 65/65 MP: 9/23
 14058 | Lair:1   | Reached *** piety under Hepliaklqana
 14083 | Lair:1   | Got a slimy rapier
 14084 | Lair:1   | Identified the +9 rapier "Wotiad" {protect, -Tele *Corrode rN+++ MR+++} (You found it on level 1 of the Lair of Beasts)
 14995 | Lair:2   | Noticed a four-headed hydra
 15006 | Lair:2   | Killed a four-headed hydra
 15016 | Lair:2   | Noticed Harold
 15034 | Lair:2   | Killed Harold
 15072 | Lair:2   | Reached skill level 14 in Earth Magic
 15478 | D:12     | Reached **** piety under Hepliaklqana
 15513 | D:12     | Noticed Rhandor's ghost (journeyman MiFi)
 15583 | Lair:3   | Reached skill level 1 in Invocations
 15588 | Lair:3   | Noticed a five-headed hydra
 16140 | Lair:3   | Found a staircase to the Swamp.
 16386 | Lair:3   | Reached XP level 13. HP: 62/72 MP: 18/25
 17040 | Lair:3   | Reached ***** piety under Hepliaklqana
 17987 | Lair:4   | Found a hole to the Spider Nest.
 18095 | Lair:4   | Noticed Nessos
 18737 | Orc:1    | Noticed Josephine
 18741 | Orc:1    | Killed Josephine
 18893 | Orc:1    | Found Buixonk's Magic Scroll Boutique.
 18922 | Orc:1    | Reached skill level 10 in Armour
 19494 | Orc:2    | Entered Level 2 of the Orcish Mines
 19842 | Orc:2    | Reached skill level 10 in Fighting
 20019 | Orc:2    | Found Lueqeuxt's Book Boutique.
 20019 | Orc:2    | Found Cuirat's Book Shoppe.
 20021 | Orc:2    | Found Duaresh's Food Emporium.
 20023 | Orc:2    | Found Healaur's Antique Armour Shop.
 20039 | Orc:2    | Found a flickering gateway to a bazaar.
 20057 | Bazaar   | Entered a bazaar
 20057 | Bazaar   | Found Omulups's Magic Scroll Boutique.
 20057 | Bazaar   | Found Othatz's Book Shoppe.
 20057 | Bazaar   | Found Fiolap's Antique Armour Shop.
 20057 | Bazaar   | Found Zecea's Food Shoppe.
 20059 | Bazaar   | Found Touqoff's Food Emporium.
 20103 | Bazaar   | Bought a tattered robe for 131 gold pieces
 20103 | Bazaar   | Bought a spiked ring mail for 207 gold pieces
 20103 | Bazaar   | Bought a pair of embroidered boots for 172 gold pieces
 20121 | Bazaar   | Identified the +1 robe "Joisch" {rF- rN+ Str+7} (You bought it in a shop in a bazaar)
 20131 | Bazaar   | Identified the +5 ring mail of Listlessness {Dex+8} (You bought it in a shop in a bazaar)
 20425 | Orc:2    | Found a staircase to the Elven Halls.
 20493 | Orc:2    | Reached skill level 15 in Earth Magic
 21072 | Orc:2    | Noticed Azrael
 21221 | D:12     | Found a portal to a secret trove of treasure.
 21478 | D:12     | Noticed Fannar
 21487 | D:11     | Killed Fannar
 21489 | D:11     | Gained mutation: Your large and strong wings let you fly indefinitely. [Gargoyle growth]
 21489 | D:11     | Reached XP level 14. HP: 79/79 MP: 2/27
 22777 | Lair:6   | Entered Level 6 of the Lair of Beasts
 22819 | Lair:6   | Noticed Rhandor's ghost (journeyman MiFi)
 23157 | Lair:6   | Reached skill level 10 in Spellcasting
 23932 | Lair:4   | Killed Nessos
 24353 | Lair:4   | Noticed Rupert
 24363 | Lair:4   | Killed Rupert
 24372 | Lair:4   | Got a fine falchion {freeze}
 24373 | Lair:4   | Identified the +9 falchion "Tius" {freeze, rElec rPois MR+} (You took it off Rupert on level 4 of the Lair of Beasts)
 24758 | Lair:6   | Found a bloodstained altar of Trog.
 26117 | D:13     | Reached XP level 15. HP: 85/85 MP: 18/29
 26150 | D:13     | Reached skill level 16 in Earth Magic
 26262 | D:13     | Found a shadowy altar of Dithmenos.
 27263 | D:14     | Found a sacrificial altar of Ru.
 28276 | D:15     | Entered Level 15 of the Dungeon
 28296 | D:15     | Noticed Louise
 28320 | D:15     | Killed Louise
 28388 | D:12     | You paid a toll of a +5 demon trident to enter a treasure trove
 28389 | Trove    | Entered a treasure trove
 28397 | Trove    | Got a fine tin ring
 28423 | Trove    | Got a pitted ivory ring
 28434 | Trove    | Got an ichor-stained demon whip
 28459 | Trove    | Identified the ring "Biamm" {+Blink Str+5} (You found it in a treasure trove)
 28461 | Trove    | Identified the ring of Zakhloima {rPois rC+ Stlth+} (You found it in a treasure trove)
 28464 | Trove    | Identified the +1 demon whip "Sarcophage" {flame, rPois Int-3 Stlth+} (You found it in a treasure trove)
 28569 | D:12     | Reached ****** piety under Hepliaklqana
 29195 | Elf:1    | Entered Level 1 of the Elven Halls
 29849 | Elf:1    | Reached skill level 17 in Earth Magic
 30089 | Elf:1    | Found a gateway to a bazaar.
 30100 | Bazaar   | Entered a bazaar
 30100 | Bazaar   | Found Qoej's General Store.
 30100 | Bazaar   | Found Uppotaw's Antique Armour Shoppe.
 30100 | Bazaar   | Found Zuliych's Magic Scroll Boutique.
 30128 | Bazaar   | Bought a scroll of acquirement for 468 gold pieces
 30131 | Bazaar   | Found Ummoti's Antique Weapon Emporium.
 30151 | Bazaar   | Found Aginij's Gadget Boutique.
 30207 | Bazaar   | Bought a distressingly furry ring mail for 135 gold pieces
 30207 | Bazaar   | Bought a warped scale mail for 135 gold pieces
 30207 | Bazaar   | Bought a bronze leather armour for 105 gold pieces
 30226 | Bazaar   | Bought a scroll of identify for 18 gold pieces
 30226 | Bazaar   | Bought a scroll of identify for 18 gold pieces
 30226 | Bazaar   | Bought a scroll of teleportation for 27 gold pieces
 30226 | Bazaar   | Bought a scroll of amnesia for 31 gold pieces
 30226 | Bazaar   | Bought a scroll of amnesia for 31 gold pieces
 30247 | Bazaar   | Identified the cursed +0 ring mail of Winter {Regen+ Slay+2 SInv Stlth-} (You bought it in a shop in a bazaar)
 30258 | Bazaar   | Identified the +3 scale mail "Zuafavis" {Int+3} (You bought it in a shop in a bazaar)
 30268 | Bazaar   | Identified the cursed +0 leather armour of the Insatiable Curses {*Corrode rN+ Int+3} (You bought it in a shop in a bazaar)
 30474 | Elf:1    | Reached skill level 10 in Dodging
 30697 | Elf:1    | Got a transparent scythe
 30699 | Elf:1    | Got a smoking long sword
 30702 | Elf:1    | Got a dazzling long sword
 30704 | Elf:1    | Identified the cursed +0 long sword "Coud" {drain, rC+ MR+ Int+3 Dex-4} (You found it on level 1 of the Elven Halls)
 30706 | Elf:1    | Identified the +10 long sword of Ecut {flame, *Corrode rPois rF+ rC+} (You found it on level 1 of the Elven Halls)
 30707 | Elf:1    | Identified the cursed +2 scythe of Integrity {chaos, MR++} (You found it on level 1 of the Elven Halls)
 30759 | Elf:1    | Reached XP level 16. HP: 92/92 MP: 20/31
 30968 | Orc:2    | Killed from afar by Azrael

Vault maps used:
D:1:      dpeg_arrival_simpleton_b
D:2:      lemuel_coloured_pillars_altar, first_ration,
          chequers_ecumenical_altar_island, serial_forest,
          infiniplex_forest_lined_3, infiniplex_forest_lined_room_,
          infiniplex_forest_end_3, infiniplex_forest_clump_medium,
          infiniplex_forest_lined_4_way, infiniplex_forest_clump_medium,
          infiniplex_forest_clump_long, okawaru_metal_pillars_1_2
D:3:      nrook_loot_triangle, hangedman_abyss_or_decor_stabs,
          minmay_misc_feat_iff, glass_columns_b, kennysheep_orc_chapel,
          uniq_grinder
D:4:      serial_bayou, serial_bayou_crossing, serial_bayou_pond_a,
          serial_bayou_pond_b, serial_bayou_pond_a, uniq_blork_the_orc,
          uniq_robin
D:5:      black_bear_nest_2, minmay_temple_entry_poolview,
          minmay_gold_behind_fungi
D:6:      minmay_overflow_temple_star_quad
D:7:      nicolae_overflow_hidden_temple, serial_shops,
          nicolae_shop_statue_plus, shop, nicolae_shop_behind_doors, shop,
          nicolae_shop_stone, basic_altar
D:8:      lemuel_round_altar, lemuel_crystal_altar,
          nicolae_gozag_zags_fifth_avenue, uniq_pikel
D:9:      kennysheep_mini, david_orc_3, serial_shops, shop
D:10:     grunt_ogre_cave, basic_loot_grate_trap, item_on_display_a,
          uniq_psyche, uniq_urug
D:11:     lair_entry_dummy, minmay_misc_feat_diagonals
D:12:     enter_trove_6, nooodl_food_tri, uniq_fannar
D:13:     special_room, grunt_dithmenos_smoke
D:14:     grunt_vaults_entry_fortified, nicolae_ru_awakened_eye, uniq_agnes
D:15:     hangedman_depths_entry_civil_slaughter, serial_park_tiny_2,
          lemuel_angel_altar, uniq_louise
Temple:   nicolae_temple_great_sept
Lair:1:   st_stairs_6, minmay_lair_oklob_chamber
Lair:2:   grunt_megastairs_3, uniq_harold
Lair:3:   lemuel_reptile_caves, minmay_swamp_entry_worms,
          hangedman_lair_unloving_vines, eino_house_with_fridge
Lair:4:   spider_nest_entry_rubble, disabler_island, uniq_nessos, uniq_rupert
Lair:6:   gammafunk_lair_ancient_temple, dpeg_slime_entry_enclosed_altar,
          lemuel_centaur_altar
Orc:1:    serial_shops, shop, uniq_josephine
Orc:2:    st_orc_rangers, basic_altar, serial_shops, bzr_in_the_mist,
          uniq_azrael
Elf:1:    eino_elf_arrival_the_gate, serial_shops, bzr_entry_islet,
          kennysheep_underground_church, minmay_checkered_concentric_circles
Bazaar:   bazaar_minmay_generic_island, bazaar_lake
Trove:    trove_simple

Skill      XL: |  1  2  3  4  5  6  7  8  9 10 11 12 13 14 15 |
---------------+----------------------------------------------+-----
Earth Magic    | 4 5 7 8 9 10 11 12 13 14 15 17 | 17.4
Spellcasting   | 3 4 5 6 7 8 9 10 11 | 11.4
Armour         | 2 4 6 7 9 10 11 12 | 12.5
Fighting       | 2 4 6 7 9 10 11 12 | 12.5
Dodging        | 2 3 4 6 7 8 9 10 | 10.1
Conjurations   | 2 4 |  4.0
Invocations    | 2 3 |  3.7
Stealth        | |  2.1
Transmutations | |  0.7

Action                   |  1- 3 |  4- 6 |  7- 9 | 10-12 | 13-15 | 16-18 || total
-------------------------+-------+-------+-------+-------+-------+-------++-------
Melee: Club              |    18 |       |       |       |       |       ||    18
       Unarmed           |     1 |       |       |       |       |       ||     1
       Whip              |    15 |    76 |   200 |   108 |       |       ||   399
       Rapier            |       |       |       |    36 |   434 |       ||   470
       Staff             |       |       |       |       |       |     2 ||     2
 Cast: Sandblast         |    14 |    17 |    30 |   168 |   152 |       ||   381
       Stone Arrow       |       |     8 |    36 |    48 |   148 |     7 ||   247
       Lee's Rapid Decon |       |       |    24 |    78 |   158 |     6 ||   266
       Petrify           |       |       |       |       |     1 |       ||     1
       Iron Shot         |       |       |       |       |     4 |       ||     4
Invok: Recall Ancestor   |       |       |       |     2 |     5 |       ||     7
       Ancestor Life: Ba |       |       |       |     1 |       |       ||     1
       Idealise          |       |       |       |       |     1 |       ||     1
Evoke: Wand              |       |       |     2 |     2 |    14 |     2 ||    20
  Use: Potion            |       |     4 |       |     3 |     2 |       ||     9
       Scroll            |       |       |       |     8 |    35 |       ||    43
 Stab: Sleeping          |     2 |       |     1 |     2 |       |       ||     5
       Distracted        |       |       |       |     1 |     3 |       ||     4
  Eat: Chunk             |       |     7 |    23 |    41 |    50 |       ||   121
       Ration            |       |       |     1 |     1 |     5 |       ||     7
Armor: Robe              |    20 |    43 |    44 |       |       |       ||   107
       Leather armour    |       |       |    86 |   175 |    82 |       ||   343
       Skin              |       |       |       |    14 |       |       ||    14
       Ring mail         |       |       |       |       |   366 |    28 ||   394
Dodge: Dodged            |    38 |    55 |   151 |   221 |   662 |    22 ||  1149

Table legend:
 A = Spawn XP
 B = Non-spawn XP
 C = Spawn XP percentage of total XP
 D = Spawn monster count
 E = Non-spawn monster count
 F = Spawn count percentage of total count
 G = Total turns spent on level
                    A         B        C        D         E        F      G
               +---------+---------+-------+---------+---------+-------+---------
         Total |       0 |  132857 |   0.0 |       0 |     788 |   0.0 | 30968
               +---------+---------+-------+---------+---------+-------+---------
           D:1 |       0 |      34 |   0.0 |       0 |      17 |   0.0 |   635
           D:2 |       0 |      59 |   0.0 |       0 |      11 |   0.0 |  1275
           D:3 |       0 |     611 |   0.0 |       0 |      33 |   0.0 |  1134
           D:4 |       0 |     479 |   0.0 |       0 |      30 |   0.0 |  1729
           D:5 |       0 |     958 |   0.0 |       0 |      37 |   0.0 |  1520
           D:6 |       0 |     780 |   0.0 |       0 |      15 |   0.0 |   917
           D:7 |       0 |     540 |   0.0 |       0 |       5 |   0.0 |   710
           D:8 |       0 |    1512 |   0.0 |       0 |      19 |   0.0 |  1351
           D:9 |       0 |    4372 |   0.0 |       0 |      44 |   0.0 |  2463
          D:10 |       0 |    3521 |   0.0 |       0 |      40 |   0.0 |  1522
          D:11 |       0 |    5136 |   0.0 |       0 |      33 |   0.0 |  1225
          D:12 |       0 |    2218 |   0.0 |       0 |      22 |   0.0 |   766
          D:13 |       0 |   13439 |   0.0 |       0 |      76 |   0.0 |  1650
          D:14 |       0 |    9950 |   0.0 |       0 |      38 |   0.0 |   785
          D:15 |       0 |    2807 |   0.0 |       0 |       4 |   0.0 |    68
        Lair:1 |       0 |    4800 |   0.0 |       0 |      24 |   0.0 |  1092
        Lair:2 |       0 |    4613 |   0.0 |       0 |      22 |   0.0 |   974
        Lair:3 |       0 |   11756 |   0.0 |       0 |      67 |   0.0 |  2006
        Lair:4 |       0 |    8173 |   0.0 |       0 |      19 |   0.0 |  1563
        Lair:5 |       0 |    5745 |   0.0 |       0 |      27 |   0.0 |  1742
        Lair:6 |       0 |   16514 |   0.0 |       0 |      57 |   0.0 |  1314
         Orc:1 |       0 |    5001 |   0.0 |       0 |      39 |   0.0 |  1177
         Orc:2 |       0 |   11419 |   0.0 |       0 |      81 |   0.0 |  2103
         Elf:1 |       0 |   18420 |   0.0 |       0 |      28 |   0.0 |   802
               +---------+---------+-------+---------+---------+-------+---------
